 Dungeon Crawl Stone Soup version 0.19.1-1-g22dce08 (webtiles) character file.

74579 Jynx the Scorcher (level 15, -12/99 HPs)
             Began as a Yellow Draconian Fire Elementalist on Jan 19, 2017.
             Was a High Priest of Vehumet.
             Killed by divine providence
             ... invoked by an orc high priest
              (16 damage)
             ... on level 2 of the Orcish Mines on Jan 20, 2017.
             The game lasted 02:27:55 (27534 turns).

Jynx the Scorcher (DrFE)                           Turns: 27534, Time: 02:27:55

Health: -12/99     AC: 12    Str: 12    XL:     15   Next: 7%
Magic:  18/38      EV: 21    Int: 19    God:    Vehumet [*****.]
Gold:   1539       SH:  0    Dex: 13    Spells: 6 memorised, 17 levels left

rFire  . . .     SeeInvis .     W - +1 scimitar (slice)
rCold  . . .     Gourm    .     (armour unavailable)
rNeg   . . .     Faith    .     (no shield)
rPois  .         Spirit   .     (helmet restricted)
rElec  .         Reflect  .     (no cloak)
rCorr  +         Harm     +     e - +1 pair of gloves
MR     +....                    M - +0 pair of boots
Stlth  ++........               k - amulet of harm
                                A - ring of magical power
                                d - +3 ring of evasion

@: very slightly contaminated, invisible (expiring)
A: spit acid, acid resistance, unfitting armour, acidic bite, no device heal 1,
cold-blooded, AC +9
a: Spit Acid, Renounce Religion


You were on level 2 of the Orcish Mines.
You worshipped Vehumet.
Vehumet was extremely pleased with you.
You were very hungry.

You visited 4 branches of the dungeon, and saw 20 of its levels.

You collected 1539 gold pieces.

Inventory:

Hand Weapons
 l - a +0 great sword
 s - a +2 long sword of freezing
 v - a +1 scimitar of freezing
 W - a +1 scimitar of slicing (weapon)
 Z - a +0 dagger
Armour
 e - a +1 pair of gloves (worn)
 M - a +0 pair of boots (worn)
 X - a +0 scale mail
Jewellery
 d - a +3 ring of evasion (left hand)
 k - an amulet of harm (around neck)
 r - an uncursed ring of flight
 u - an uncursed ring of protection from cold
 A - a ring of magical power (right hand)
 B - an uncursed ring of protection from cold
 H - an uncursed ring of ice
 L - an uncursed ring of protection from fire
 P - a +5 ring of dexterity
 V - an uncursed ring of stealth
Wands
 i - a wand of acid (6/15)
 o - a wand of acid (8/15)
 q - a wand of random effects (37/48)
 w - a wand of slowing (28/48)
 y - a wand of flame (25/48)
 C - a wand of confusion (26/48)
 I - a wand of lightning (9/15)
 O - a wand of random effects (24/48)
 Q - a wand of iceblast (8/15)
 T - a wand of confusion (24/48)
 Y - a wand of polymorph (14/24)
Scrolls
 j - 2 scrolls of enchant weapon
 n - a scroll of fear
 F - 2 scrolls of identify
 R - 2 scrolls of recharging
 U - 3 scrolls of remove curse
Potions
 f - 11 potions of curing
 g - 4 potions of brilliance
 m - a potion of invisibility
 x - 3 potions of mutation
 z - a potion of lignification
 D - 2 potions of cure mutation
 E - 2 potions of might
 J - 2 potions of degeneration
 K - a potion of magic
Books
 a - a book of Flames

   Spells                             Type                      Level
   a - Flame Tongue                   Conjuration/Fire             1
   b - Throw Flame                    Conjuration/Fire             2
   c - Conjure Flame                  Conjuration/Fire             3
   d - Inner Flame                    Hexes/Fire                   3
   e - Sticky Flame                   Conjuration/Fire             4
   f - Fireball                       Conjuration/Fire             5
 h - a book of Frost

   Spells                             Type                      Level
   a - Freeze                         Ice                          1
   b - Throw Frost                    Conjuration/Ice              2
   c - Ozocubu's Armour               Charms/Ice                   3
   d - Throw Icicle                   Conjuration/Ice              4
   e - Summon Ice Beast               Ice/Summoning                4
 N - a book of Minor Magic

   Spells                             Type                      Level
   a - Magic Dart                     Conjuration                  1
   b - Blink                          Translocation                2
   c - Call Imp                       Summoning                    2
   d - Repel Missiles                 Charms/Air                   2
   e - Slow                           Hexes                        2
   f - Conjure Flame                  Conjuration/Fire             3
   g - Mephitic Cloud                 Conjuration/Poison/Air       3
Comestibles
 b - 5 bread rations
 c - 3 chunks of flesh
 p - 9 royal jellies


   Skills:
 + Level 11.0 Long Blades
 + Level 10.1 Dodging
 - Level 1.7 Stealth
 + Level 10.2 Spellcasting
 - Level 10.1 Conjurations
 + Level 6.7 Translocations
 * Level 15.4 Fire Magic


You had 17 spell levels left.
You knew the following spells:

 Your Spells              Type           Power        Failure   Level  Hunger
a - Flame Tongue          Conj/Fire      #####        1%          1    None
b - Conjure Flame         Conj/Fire      ######..     1%          3    None
c - Sticky Flame          Conj/Fire      ######..     1%          4    ##.....
d - Fireball              Conj/Fire      ######....   1%          5    #####..
e - Blink                 Tloc           N/A          1%          2    None
f - Repel Missiles        Chrm/Air       #.....       12%         2    None


Dungeon Overview and Level Annotations

Branches:
Dungeon (11/15)            Temple (1/1) D:5            Lair (6/6) D:10
  Swamp (0/4) Lair:3        Snake (0/4) Lair:2        Slime (0/5) Lair:6
    Orc (2/2) D:10            Elf (0/3) Orc:2

Altars:
Ashenzari
Cheibriados
Dithmenos
Elyvilon
Fedhas
Gozag
Hepliaklqana
Kikubaaqudgha
Makhleb
Okawaru
Qazlal
Ru
Sif Muna
Trog
Uskayaw
Vehumet
Xom
Yredelemnul
Zin
The Shining One
Jiyva

Shops:
D:6 [?((   D:7 =   Orc:2 %%


Innate Abilities, Weirdness & Mutations

You can spit globs of acid.
You are resistant to acid.
Your golden yellow scales are hard. (AC +9)
You cannot fit into any form of body armour.
You have acidic saliva.
You are cold-blooded and may be slowed by cold attacks.
Potions and wands are less effective at restoring your health.


Message History

Aiming: Sticky Flame
Press: ? - help, Shift-Dir - straight line, f - warg
Aim: a warg (almost dead)
The sticky flame hits the warg.
You kill the warg!
Vehumet accepts your kill.
You feel your power returning.
Things that are here:
a dagger; a robe You see here a dagger.
The orc high priest mumbles some strange prayers to Beogh against you.
Beogh smites you!
* * * LOW HITPOINT WARNING * * *
Things that are here:
a mace; a plate armour You flicker for a moment.
The neqoxec gestures at something.
The orc high priest calls down the wrath of Beogh upon you.
Beogh smites you!
You die...

#..............(.[..........##...
......[)......#..................
......[[#......).................
....[..............).............
....)[...........[.).........##..
.))[.)......#...............###..
..[..............[........### ##.
..............##...#...#..### ##
.............###@)###.......##
............###..######......###
.#.........###..###.###..#.....##
.........####..###(..###........#
.........###..###.#.#.###......##
........###..###o..#).4###.....#
.......###.3###.3o###o4.###...##
..#...###.o###..)## ##o..###..##
.....###....))..## ..##)3.###..#


You could see an orc high priest and a neqoxec.

Vanquished Creatures
  The ghost of davido123 the Brawler, a journeyman TrBe of Trog (Lair:5)
  Josephine (Orc:2)
  8 hydras
  The ghost of fatfloppyjuicyveiny the Crack Shot, a journeyman CeHu of Okawaru (Lair:2)
  A merfolk avatar (Lair:6)
  5 orc high priests
  The ghost of bosm the Grappler, a novice DDTm of Makhleb (Lair:1)
  2 death yaks (Lair:5)
  Sonja (Orc:2)
  A sun demon (Orc:2)
  2 sea snakes (Lair:6)
  An unseen horror (D:10)
  2 harpies (Lair:6)
  Pikel (D:9)
  A lindwurm (Lair:6)
  5 orc knights
  7 orc sorcerers
  A manticore (Lair:6)
  A torpor snail (Lair:2)
  23 elephants
  Psyche (D:8)
  4 black mambas
  13 spiny frogs
  12 komodo dragons
  3 rime drakes
  A queen bee (D:9)
  A red devil (Orc:2)
  7 polar bears
  2 trolls
  2 hornets (Lair:6)
  13 hippogriffs
  A two-headed ogre (D:10)
  A wind drake (Lair:6)
  8 blink frogs
  4 wraiths (Orc:2)
  6 wyverns
  6 basilisks
  A chaos spawn (Orc:2)
  38 yaks
  2 neqoxecs (Orc:2)
  2 hungry ghosts
  21 wargs
  6 swamp worms (Lair:3)
  3 nagas (Lair:2)
  16 water moccasins
  9 porcupines
  45 orc warriors
  2 sky beasts (D:10)
  An ice beast (D:5)
  A necrophage (D:7)
  An eye of draining (D:9)
  2 slaves (D:9)
  4 phantoms
  15 ogres
  5 centaurs
  17 crocodiles
  Blork the orc (D:6)
  7 bullfrogs
  A wyvern zombie (D:8)
  A gnoll sergeant (Orc:2)
  A water moccasin skeleton (D:9)
  6 scorpions
  The ghost of Mew the Chopper, a weakling HOMo (D:4)
  17 killer bees
  3 wights (D:9)
  5 electric eels
  3 centaur zombies
  3 howler monkeys
  5 crimson imps
  A quasit (D:8)
  31 orc priests
  A centaur skeleton (D:10)
  A bullfrog skeleton (D:7)
  7 hounds
  3 iguanas
  Ijyb (D:3)
  8 orc wizards
  9 worker ants
  A hound skeleton (D:4)
  A howler monkey zombie (D:5)
  A howler monkey skeleton (D:5)
  A worker ant zombie (D:10)
  14 adders
  4 gnolls (Orc:2)
  A river rat (D:5)
  4 shadow imps
  An ooze (D:3)
  2 adder skeletons
  4 worms
  A dart slug (D:1)
  3 leopard geckos
  98 orcs
  7 bats
  9 giant cockroaches
  7 goblins
  7 hobgoblins
  4 jackals
  5 quokkas
  A ball python (D:5)
  3 frilled lizards
  A giant cockroach zombie (D:5)
  A jackal skeleton (D:6)
  10 kobolds
  A leopard gecko skeleton (D:8)
  2 quokka skeletons
  A quokka zombie (D:5)
  11 rats
  A fungus (Lair:5)
  2 plants (Lair:2)
667 creatures vanquished.

Vanquished Creatures (collateral kills)
  A death yak (Lair:5)
1 creature vanquished.

Vanquished Creatures (others)
  A killer bee (D:9)
  7 fungi
  32 plants
40 creatures vanquished.

Grand Total: 708 creatures vanquished

Notes
Turn   | Place    | Note
-------+----------+-------------------------------------------
     0 | D:1      | Jynx the Draconian Fire Elementalist began the quest for the Orb.
     0 | D:1      | Reached XP level 1. HP: 14/14 MP: 3/3
   129 | D:1      | Reached XP level 2. HP: 17/20 MP: 0/5
   934 | D:2      | Reached XP level 3. HP: 26/26 MP: 3/6
  1228 | D:2      | Found a glowing silver altar of Zin.
  1438 | D:3      | Found a faded altar of an unknown god.
  1638 | D:3      | Reached XP level 4. HP: 33/33 MP: 4/7
  1641 | D:3      | Noticed Ijyb
  1672 | D:3      | Killed Ijyb
  1672 | D:3      | Reached skill level 4 in Fire Magic
  2049 | D:3      | Learned a level 3 spell: Conjure Flame
  2054 | D:3      | Learned a level 4 spell: Sticky Flame
  2351 | D:4      | Noticed Mew's ghost (weakling HOMo)
  2439 | D:3      | Reached XP level 5. HP: 38/38 MP: 5/9
  2843 | D:4      | Killed Mew's ghost
  2843 | D:4      | Reached skill level 1 in Long Blades
  3091 | D:4      | Reached XP level 6. HP: 45/45 MP: 7/10
  3555 | D:5      | Entered Level 5 of the Dungeon
  3572 | D:5      | Found a blossoming altar of Fedhas.
  3575 | D:5      | Found a staircase to the Ecumenical Temple.
  3586 | Temple   | Entered the Ecumenical Temple
  3654 | Temple   | Became a worshipper of Vehumet
  3757 | D:5      | Reached skill level 5 in Fire Magic
  3930 | D:5      | Found a sacrificial altar of Ru.
  4384 | D:5      | Your scales start taking on a golden yellow colour.
  4384 | D:5      | Reached XP level 7. HP: 50/50 MP: 5/11
  4989 | D:5      | Found a faded altar of an unknown god.
  4989 | D:5      | Found a basalt altar of Yredelemnul.
  4994 | D:5      | Found a faded altar of an unknown god.
  4996 | D:5      | Found a faded altar of an unknown god.
  4998 | D:5      | Found a faded altar of an unknown god.
  5106 | D:6      | Found Humpoll's Antique Armour Shop.
  5122 | D:6      | Found Iplonidde's Weapon Emporium.
  5138 | D:6      | Reached skill level 6 in Fire Magic
  5441 | D:6      | Reached XP level 8. HP: 57/57 MP: 14/14
  5645 | D:6      | Reached * piety under Vehumet
  5645 | D:6      | Offered knowledge of Freeze by Vehumet.
  5719 | D:6      | Found Duus's Magic Scroll Emporium.
  5758 | D:6      | Found Qotaxube's Weapon Shop.
  5780 | D:6      | Noticed Blork the orc
  5787 | D:6      | Killed Blork the orc
  6436 | D:7      | Reached skill level 7 in Fire Magic
  6530 | D:7      | Found Jaromum's Jewellery Emporium.
  7050 | D:7      | Reached XP level 9. HP: 17/62 MP: 7/16
  7256 | D:7      | Reached skill level 5 in Conjurations
  7582 | D:8      | Reached skill level 5 in Spellcasting
  7589 | D:8      | Reached skill level 5 in Dodging
  7589 | D:8      | Reached skill level 8 in Fire Magic
  7615 | D:8      | Noticed Psyche
  7824 | D:8      | Killed Psyche
  7825 | D:8      | Offered knowledge of Sandblast by Vehumet.
  7825 | D:8      | Reached skill level 5 in Long Blades
  7845 | D:8      | Reached ** piety under Vehumet
  8301 | D:8      | Reached skill level 9 in Fire Magic
  8335 | D:8      | Found an iron altar of Okawaru.
  8423 | D:8      | Reached XP level 10. HP: 53/69 MP: 5/18
  8574 | D:8      | Learned a level 5 spell: Fireball
  8946 | D:8      | Noticed an orc knight
  8980 | D:8      | Killed an orc knight
  9235 | D:8      | Offered knowledge of Dazzling Spray by Vehumet.
  9558 | D:8      | Reached *** piety under Vehumet
 10027 | D:8      | Reached skill level 10 in Fire Magic
 10292 | D:8      | Offered knowledge of Airstrike by Vehumet.
 10587 | D:9      | Found a bloodstained altar of Trog.
 10587 | D:9      | Found a sacrificial altar of Ru.
 10600 | D:9      | Noticed Pikel
 10601 | D:9      | Killed Pikel
 10601 | D:9      | Reached XP level 11. HP: 74/74 MP: 18/20
 10659 | D:9      | Reached **** piety under Vehumet
 10972 | D:9      | Offered knowledge of Throw Icicle by Vehumet.
 11390 | D:10     | Entered Level 10 of the Dungeon
 11722 | D:10     | Found a staircase to the Orcish Mines.
 11723 | D:10     | Noticed an unseen horror
 11726 | D:10     | Killed an unseen horror
 11726 | D:10     | Reached skill level 11 in Fire Magic
 12147 | D:10     | Found a staircase to the Lair.
 12690 | Lair:1   | Entered Level 1 of the Lair of Beasts
 12997 | Lair:1   | Reached ***** piety under Vehumet
 13053 | Lair:1   | Noticed bosm's ghost (novice DDTm)
 13071 | Lair:1   | Killed bosm's ghost
 13162 | Lair:1   | Offered knowledge of Ozocubu's Refrigeration by Vehumet.
 13605 | Lair:2   | Noticed a five-headed hydra
 13612 | Lair:2   | Killed a five-headed hydra
 13616 | Lair:2   | Reached XP level 12. HP: 81/81 MP: 5/23
 13785 | Lair:2   | Noticed fatfloppyjuicyveiny's ghost (journeyman CeHu)
 14000 | Lair:2   | Killed fatfloppyjuicyveiny's ghost
 14000 | Lair:2   | Reached skill level 12 in Fire Magic
 14027 | Lair:2   | Found a staircase to the Snake Pit.
 14489 | Lair:2   | Noticed a five-headed hydra
 14527 | Lair:2   | Killed a five-headed hydra
 15294 | Lair:3   | Found a staircase to the Swamp.
 15696 | Lair:3   | Learned a level 2 spell: Blink
 15699 | Lair:3   | Learned a level 2 spell: Repel Missiles
 15877 | Lair:3   | You fall through a shaft for 2 floors!
 16055 | Lair:5   | Reached skill level 1 in Translocations
 16117 | Lair:5   | Noticed davido123's ghost (journeyman TrBe)
 16492 | Lair:4   | Reached skill level 13 in Fire Magic
 16626 | Lair:3   | Noticed a four-headed hydra
 16631 | Lair:3   | Killed a four-headed hydra
 16973 | Lair:3   | Offered knowledge of Fulminant Prism by Vehumet.
 16985 | Lair:3   | Reached XP level 13. HP: 80/86 MP: 10/25
 17144 | Lair:3   | HP: 4/86 [poisoned by a spiny frog]
 17151 | Lair:3   | HP: 3/86 [poisoned by a spiny frog]
 17158 | Lair:3   | HP: 3/86 [poisoned by a spiny frog]
 17166 | Lair:3   | HP: 2/86 [poisoned by a spiny frog]
 18672 | Lair:5   | Killed davido123's ghost
 19475 | Lair:6   | Entered Level 6 of the Lair of Beasts
 20095 | Lair:6   | Reached skill level 10 in Conjurations
 20975 | Lair:6   | Found an opulent altar of Gozag.
 21297 | Lair:6   | Reached skill level 10 in Long Blades
 21297 | Lair:6   | Reached skill level 14 in Fire Magic
 21563 | Lair:6   | Gained mutation: You have acidic saliva. [Yellow Draconian growth]
 21563 | Lair:6   | Reached XP level 14. HP: 93/93 MP: 17/27
 22597 | Lair:6   | Reached skill level 5 in Translocations
 22837 | Lair:6   | Found a staircase to the Slime Pits.
 22837 | Lair:6   | Found a viscous altar of Jiyva.
 24564 | Lair:5   | Offered knowledge of Freezing Cloud by Vehumet.
 24724 | Orc:1    | Entered Level 1 of the Orcish Mines
 25225 | Orc:2    | Entered Level 2 of the Orcish Mines
 25236 | Orc:2    | Noticed Sonja
 25386 | Orc:1    | Reached skill level 15 in Fire Magic
 25502 | Orc:1    | Found a bloodstained altar of Trog.
 25622 | Orc:2    | Paralysed by an orc sorcerer for 2 turns
 25639 | Orc:2    | Killed Sonja
 25653 | Orc:2    | Found a staircase to the Elven Halls.
 25658 | Orc:2    | Noticed Josephine
 25666 | Orc:2    | Killed Josephine
 26150 | Orc:2    | Offered knowledge of Bolt of Draining by Vehumet.
 26157 | Orc:2    | Reached skill level 10 in Spellcasting
 26378 | Orc:2    | Found Amooquc's Food Emporium.
 26381 | Orc:2    | Found Uphuemuu's Food Shoppe.
 26714 | Orc:2    | Reached skill level 10 in Dodging
 27038 | Orc:2    | Gained mutation: Potions and wands are less effective at restoring your health. [a neqoxec]
 27446 | Orc:2    | Reached XP level 15. HP: 82/99 MP: 20/29
 27515 | Orc:2    | HP: 4/99 [warg (7)]
 27516 | Orc:2    | HP: 1/99 [warg (3)]
 27525 | Orc:2    | HP: 2/99 [orc high priest/divine providence (12)]
 27534 | Orc:2    | Killed from afar by an orc high priest

Skill      XL: |  1  2  3  4  5  6  7  8  9 10 11 12 13 14 15 |
---------------+----------------------------------------------+-----
Dodging        | 2 3 4 5 6 7 8 9 10 | 10.1
Conjurations   | 2 3 4 5 6 8 9 10 | 10.1
Fire Magic     | 4 5 6 7 9 10 11 13 14 15 | 15.4
Long Blades    | 1 2 3 4 5 6 8 9 10 11 | 11.0
Spellcasting   | 3 4 5 6 7 8 9 10 | 10.2
Translocations | 1 4 6 |  6.7
Stealth        | |  1.7

Action                   |  1- 3 |  4- 6 |  7- 9 | 10-12 | 13-15 || total
-------------------------+-------+-------+-------+-------+-------++-------
Melee: Unarmed           |    26 |     2 |       |       |       ||    28
       Tailslap          |     2 |     1 |    19 |    38 |    63 ||   123
       Short sword       |       |     1 |       |       |       ||     1
       Long sword        |       |     7 |   122 |   257 |   120 ||   506
       Scimitar          |       |       |       |       |   231 ||   231
       Bite              |       |       |       |       |    22 ||    22
 Cast: Flame Tongue      |    61 |   115 |   168 |   402 |   302 ||  1048
       Conjure Flame     |       |     9 |    18 |    27 |    13 ||    67
       Sticky Flame      |       |     1 |     8 |    48 |    81 ||   138
       Fireball          |       |       |       |    58 |   166 ||   224
       Blink             |       |       |       |       |    16 ||    16
       Repel Missiles    |       |       |       |       |     4 ||     4
 Abil: Spit Acid         |       |       |       |       |     4 ||     4
  Use: Scroll            |       |     7 |     1 |    18 |     5 ||    31
       Potion            |       |       |       |       |    11 ||    11
 Stab: Sleeping          |       |       |     2 |     5 |       ||     7
       Distracted        |       |       |       |     1 |       ||     1
  Eat: Chunk             |     3 |     7 |    16 |    40 |    43 ||   109
       Beef jerky        |       |     2 |       |       |     6 ||     8
       Fruit             |       |       |       |     7 |       ||     7
       Pizza             |       |       |       |     2 |     1 ||     3
       Meat ration       |       |       |       |       |     4 ||     4
       Bread ration      |       |       |       |       |     1 ||     1
Armor: Skin              |     9 |    14 |    41 |    65 |    91 ||   220
Dodge: Dodged            |    34 |    34 |   153 |   291 |   392 ||   904
       Deflected         |       |       |       |       |     5 ||     5
       Rpst.: Long sword |       |     9 |    56 |    74 |    49 ||   188
       Scimitar          |       |       |       |       |    65 ||    65
